 Dungeon Crawl Stone Soup version 0.30.1-11-g7821555f0a (webtiles) character file.

Game seed: 4499042033522965943

100 Curundu the Poker (level 4, -7/41 HPs)
             Began as a Minotaur Berserker on Dec 31, 2023.
             Was a Believer of Trog.
             Mangled by an ice beast (13 damage)
             ... on level 3 of the Dungeon.
             The game lasted 00:04:31 (1698 turns).

Curundu the Poker (Minotaur Berserker)              Turns: 1698, Time: 00:04:31

Health: -7/41      AC:  2    Str: 24    XL:     4   Next: 46%
Magic:  3/3        EV: 12    Int:  4    God:    Trog [**....]
Gold:   73         SH:  2    Dex:  9    Spells: 3/3 levels left

rFire   . . .        q - +1 flail (protect)
rCold   . . .        i - +0 buckler
rNeg    . . .        b - +0 animal skin
rPois   .            (helmet restricted)
rElec   .            (no cloak)
rCorr   .            (no gloves)
SInv    .            (no boots)
Will    .....        (no amulet)
Stlth   +            (no ring)
HPRegen 0.26/turn    (no ring)
MPRegen 0.08/turn

%: no passive effects
@: no status effects
A: horns 2, retaliatory headbutt
a: Renounce Religion, Berserk, Trog's Hand


You were on level 3 of the Dungeon.
You worshipped Trog.
Trog was pleased with you.
You visited 1 branch of the dungeon, and saw 3 of its levels.

You collected 73 gold pieces.

Inventory:

Hand Weapons
 q - a +1 flail of protection (weapon)
Missiles
 f - 4 poisoned darts (quivered)
Armour
 b - a +0 animal skin (worn)
 i - a +0 buckler (worn)
Jewellery
 g - a ring of positive energy
Scrolls
 c - 2 scrolls of immolation {unknown}
 e - a scroll of acquirement {unknown}
 j - a scroll of enchant weapon {unknown}
 l - 2 scrolls of vulnerability {unknown}
 m - a scroll of identify {unknown}
 n - a scroll of summoning {unknown}
 p - a scroll of magic mapping {unknown}
Potions
 d - 2 potions of attraction {unknown}
 h - a potion of curing {unknown}
 k - a potion of flight {unknown}
 o - 2 potions of cancellation {unknown}


   Skills:
 + Level 4.5 Fighting
 + Level 4.8 Polearms
 + Level 3.1 Armour
 + Level 3.0 Dodging
 + Level 0.1 Stealth


You had 3 spell levels left.
You didn't know any spells.
Your spell library was empty.

Dungeon Overview and Level Annotations

Branches:
Dungeon (3/15)

Altars:

Shops:
D:3 ([


Innate Abilities, Weirdness & Mutations

You have a pair of horns on your head.
You reflexively headbutt those who attack you in melee.


Message History

The adder closely misses you. The adder attacks as you move away!
The adder bites you.
You are poisoned.
The adder poisons you!
You feel sick. The adder barely misses you.
Things that are here:
a +0 hand axe; a +0 leather armour You sock the adder!
Your weapon exudes an aura of protection.
You kill the adder!
Trog accepts your kill.
You feel sick.
The orc wizard casts a spell.
The orc wizard flickers and vanishes!
Deactivating autopickup; reactivate with Ctrl-A.
The ice beast hits you. The ice beast freezes you!
Your Dodging skill increases to level 3!
You hit the ice beast but do no damage.
You feel sick. The ice beast misses you.
You hit the ice beast. Your headbutt misses the ice beast.
The ice beast is lightly wounded.
You feel sick.
You are no longer poisoned.
You block the ice beast's attack.
The ice beast hits you but does no damage.
You closely miss the ice beast.
The ice beast is lightly wounded.
The ice beast hits you but does no damage.
You completely miss the ice beast.
The ice beast is lightly wounded.
The ice beast hits you.
* * * LOW HITPOINT WARNING * * *
The ice beast freezes you.
* * * LOW HITPOINT WARNING * * *
The ice beast barely misses you.
You closely miss the ice beast.
The ice beast is lightly wounded.
The ice beast hits you.
* * * LOW HITPOINT WARNING * * *
The ice beast freezes you!
You die...

#≈≈≈≈≈...<...'...# #.#.###
#≈~∩~≈.....(.#######.....# #
#≈≈.≈≈.................#.####
##~.~###########.....###.##..
##.. #.....#....... #..
#.....†...#### #..
#####.....#.### #
#.))........# # #@###.#######
# #Y# #... . #)# ##### # .o.
.#..# .....# .≈ ≈..# ..~ ≈..#
... ~~.#.


You could see an ice beast and an orc.

Vanquished Creatures
  An orc priest (D:3)
  An adder (D:3)
  A white imp (D:3)
  2 worms (D:3)
  A dart slug (D:1)
  5 orcs (D:3)
  2 bats
  3 endoplasms
  4 giant cockroaches
  6 goblins
  A hobgoblin (D:3)
  3 jackals (D:2)
  A quokka (D:3)
  4 ball pythons
  3 frilled lizards
  2 rats (D:2)
40 creatures vanquished.

Notes
Turn   | Place    | Note
-------+----------+-------------------------------------------
     0 | D:1      | Curundu the Minotaur Berserker began the quest for the Orb.
     0 | D:1      | Reached XP level 1. HP: 19/19 MP: 0/0
   306 | D:1      | Reached XP level 2. HP: 27/27 MP: 1/1
  1029 | D:2      | Reached ** piety under Trog
  1030 | D:2      | Reached XP level 3. HP: 32/33 MP: 2/2
  1568 | D:3      | Found Rausot's Antique Armour Shoppe.
  1643 | D:3      | Found Woidivesm's Weapon Boutique.
  1677 | D:3      | Reached XP level 4. HP: 35/41 MP: 3/3
  1689 | D:3      | Noticed an ice beast
  1698 | D:3      | Mangled by an ice beast

Illustrated notes

Levels and vault maps discovered:
D:1:      matt_arrival_diagonals, layout_basic, corner_web_ring,
          minmay_tree_intersection
D:2:      layout_loops_cross, corexii_item_surrounded_by_moat
D:3:      layout_basic, serial_shops, shop, nicolae_shop_waterfront,
          nicolae_shop_industrial_runoff, nicolae_shop_crystal

Skill      XL: |  1  2  3  4 |
---------------+-------------+-----
Polearms       | 4 |  4.8
Fighting       | 4 |  4.5
Armour         | 3 |  3.1
Dodging        | 3 |  3.0
Stealth        | |  0.1

Action                     |  1- 3 |  4- 6 || total
---------------------------+-------+-------++-------
  Melee: Spear             |    82 |     2 ||    84
         Headbutt          |    12 |     2 ||    14
         Punch             |     1 |       ||     1
         Flail             |       |    13 ||    13
 Armour: Animal skin       |     9 |     3 ||    12
  Dodge: Dodged            |    47 |     8 ||    55
  Block: Buckler           |     2 |     1 ||     3
